 Dungeon Crawl Stone Soup version 0.31.0-32-g396128a36d (webtiles) character file.

Game seed: 15832382686336578595

789 spaghetti the Sneak (level 7, -5/60 HPs)
             Began as a Deep Elf Berserker on Mar 23, 2024.
             Was a Believer of Trog.
             Slain by an unseen horror (7 damage)
             ... on level 5 of the Dungeon.
             The game lasted 00:07:06 (4109 turns).

spaghetti the Sneak (Deep Elf Berserker)            Turns: 4109, Time: 00:07:07

Health: -5/60      AC:  7    Str: 14    XL:     7   Next: 56%
Magic:  18/18      EV: 12    Int: 12    God:    Trog [**....]
Gold:   243        SH:  0    Dex: 16    Spells: 6/6 levels left

rFire   . . .        a - +0 short sword
rCold   . . .        (no shield)
rNeg    . . .        d - +1 animal skin
rPois   .            g - +2 helmet
rElec   .            (no cloak)
rCorr   .            h - +0 pair of gloves
SInv    .            (no boots)
Will    .....        (no amulet) Stlth
                     i - ring of magical power
HPRegen 0.30/turn    (no ring)
MPRegen 0.16/turn

%: no passive effects
@: berserking, very quick
A: no striking features
a: Renounce Religion, Berserk, Trog's Hand


You were on level 5 of the Dungeon.
You worshipped Trog.
Trog was pleased with you.
You visited 1 branch of the dungeon, and saw 5 of its levels.

You collected 243 gold pieces.

Inventory:

Hand Weapons
 a - a +0 short sword (weapon)
Armour
 d - a +1 animal skin (worn)
 g - a +2 helmet (worn)
 h - a +0 pair of gloves (worn)
Jewellery
 i - a ring of magical power (left hand)
Wands
 f - a wand of roots (5)
Scrolls
 b - 2 scrolls of enchant weapon
 e - a scroll of teleportation
Potions
 c - a potion of heal wounds
 j - a potion of curing
 k - a potion of resistance {unknown}


   Skills:
 - Level 2.4 Fighting
 - Level 3.6(5.1) Short Blades
 + Level 4.9(5.4) Long Blades
 - Level 1.5 Armour
 - Level 2.4 Dodging
 + Level 7.7 Stealth


You had 6 spell levels left.
You didn't know any spells.
Your spell library was empty.

Dungeon Overview and Level Annotations

Branches:
Dungeon (5/15)             Temple (0/1) D:4

Altars:
Nemelex Xobeh
Uskayaw

Shops:
D:2 =

Annotations:
D:1 1 runed translucent door


Message History

* * * LOW HITPOINT WARNING * * *
The centaur hits you but does no damage.
The centaur closely misses you.
You closely miss the centaur.
The centaur is lightly wounded.
Something hits you but does no damage. The centaur closely misses you.
The centaur barely misses you.
You barely miss the centaur.
The centaur is lightly wounded.
Something hits you.
* * * LOW HITPOINT WARNING * * *
The centaur hits you.
* * * LOW HITPOINT WARNING * * *
The centaur misses you.
You hit the centaur.
The centaur is moderately wounded.
The centaur hits you but does no damage.
The centaur kicks you but does no damage.
You hit the centaur.
The centaur is moderately wounded.
Something completely misses you. The centaur closely misses you.
The centaur barely misses you.
You hit the centaur.
The centaur is moderately wounded.
Something hits you but does no damage.
You hit the centaur.
The centaur is heavily wounded.
Something hits you but does no damage. The centaur hits you.
* * * LOW HITPOINT WARNING * * *
The centaur kicks you but does no damage.
You puncture the centaur!
The centaur is almost dead.
The centaur hits you.
* * * LOW HITPOINT WARNING * * *
The centaur kicks you.
* * * LOW HITPOINT WARNING * * *
You barely miss the centaur.
The centaur is almost dead.
Something hits you!
You die...

.........#..#
#..)..... ######..#..#
#.......#
#...<...##.###........
#.#####.#....#.....###
#.# #.#.#.............
#.# #.#.#.....########
#.#.#.#.#....## #
#.#.#c#.###### ###
#.#..@#..... #..
#.###.#####. #.# #.#
#.# . #.# #.# #.# .#
#.# #.# #.# #.# #.#
#.##############.#
#.###............).#.#
#..#############...#.#
#.............)...)..#


You could see a centaur.

Vanquished Creatures
  2 ogres
  2 scorpions
  A bombardier beetle (D:5)
  A gnoll bouda (D:4)
  2 hounds
  A jelly (D:3)
  An orc priest (D:3)
  An iguana (D:4)
  Ijyb (D:3)
  2 orc wizards
  Robin (D:3)
  7 gnolls
  5 adders
  2 dart slugs (D:1)
  11 orcs
  4 bats
  8 endoplasms
  2 giant cockroaches
  14 goblins
  4 hobgoblins
  4 jackals (D:1)
  3 kobolds
  3 quokkas
  6 ball pythons
  7 frilled lizards
  3 rats
98 creatures vanquished.

Notes
Turn   | Place    | Note
-------+----------+-------------------------------------------
     0 | D:1      | spaghetti the Deep Elf Berserker began the quest for the
                  | Orb.
     0 | D:1      | Reached XP level 1. HP: 13/13 MP: 3/3
     1 | D:1      | Found a runed translucent door.
    71 | D:1      | Reached skill level 1 in Stealth
   132 | D:1      | Found a faded altar of an unknown god.
   181 | D:1      | Reached XP level 2. HP: 14/18 MP: 4/4
   493 | D:1      | Reached skill level 2 in Stealth
   689 | D:1      | Reached XP level 3. HP: 20/22 MP: 5/5
  1023 | D:2      | Reached skill level 1 in Long Blades
  1023 | D:2      | Reached skill level 3 in Stealth
  1160 | D:2      | Found Corph's Jewellery Boutique.
  1237 | D:2      | Reached ** piety under Trog
  1342 | D:2      | Reached XP level 4. HP: 10/27 MP: 6/6
  1781 | D:3      | Noticed Ijyb
  1797 | D:3      | Killed Ijyb
  1798 | D:3      | Reached skill level 4 in Stealth
  2098 | D:3      | Found a sparkling altar of Nemelex Xobeh.
  2107 | D:3      | Found a hide-covered altar of Uskayaw.
  2164 | D:3      | Reached XP level 5. HP: 26/31 MP: 7/7
  2308 | D:3      | Noticed Robin
  2397 | D:3      | Killed Robin
  2757 | D:3      | Reached skill level 5 in Stealth
  2855 | D:4      | Noticed an ogre
  2860 | D:4      | Killed an ogre
  2861 | D:4      | Reached XP level 6. HP: 36/36 MP: 8/8
  2959 | D:4      | Reached skill level 6 in Stealth
  3240 | D:4      | Found a staircase to the Ecumenical Temple.
  3437 | D:4      | Reached XP level 7. HP: 15/40 MP: 9/9
  3650 | D:5      | Entered Level 5 of the Dungeon
  3653 | D:5      | Reached skill level 7 in Stealth
  4108 | D:5      | HP: 3/60 [centaur (4)]
  4108 | D:5      | HP: 1/60 [centaur (2)]
  4109 | D:5      | Slain by an unseen horror

Illustrated notes

Levels and vault maps discovered:
D:1:      dpeg_arrival_caged_fury, layout_basic,
          hellmonk_ecumenical_altar_heavens_door, minmay_pentomino_v2
D:2:      minmay_door_path, layout_rooms, serial_shops, shop, serial_glass,
          glass_columns_b, glass_columns_a, serial_bayou_crossing
D:3:      layout_loops_corners, mainiacjoe_overflow_catwalk_spiral, uniq_robin,
          uniq_ijyb
D:4:      layout_rooms, temple_green
D:5:      layout_basic, serial_co_window_serial, co_window_paths_a,
          co_window_paths_a, co_window_paths_b, co_window_corner_a,
          co_window_of_opportunity_a, co_window_paths_a,
          co_window_unsneaky_path_c, co_window_unsneaky_path_a,
          co_window_paths_c, co_window_corner_cb, co_window_corner_cb,
          co_window_cross_4, co_window_broadway_c, serial_shops,
          nicolae_lakefront_shop, minmay_holes

Skill      XL: |  1  2  3  4  5  6  7 |
---------------+----------------------+-----
Stealth        | 1 2 3 4 5 6 7 |  7.7
Long Blades    | 1 2 3 4 |  4.9
Fighting       | |  2.4
Short Blades   | |  3.6
Armour         | |  1.5
Dodging        | |  2.4

Action                     |  1- 3 |  4- 6 |  7- 9 || total
---------------------------+-------+-------+-------++-------
  Melee: Short sword       |   143 |   213 |    40 ||   396
         Punch             |     1 |     3 |       ||     4
  Throw: Throwing net      |     1 |       |       ||     1
 Invoke: Berserk           |     2 |     7 |     2 ||    11
         Trog's Hand       |       |     8 |       ||     8
  Evoke: Wand              |       |     2 |       ||     2
    Use: Scroll            |       |     5 |       ||     5
         Potion            |       |     6 |       ||     6
   Stab: Sleeping          |     7 |    12 |     7 ||    26
 Armour: Animal skin       |    68 |   114 |    38 ||   220
  Dodge: Dodged            |    83 |   118 |    17 ||   218
